 Dungeon Crawl Stone Soup version 0.18-a0-29-gce27f3c (webtiles) character file.

24 Duffy the Chopper (level 3, -2/28 (30) HPs)
             Began as a Ghoul Gladiator on Nov 4, 2015.
             Slain by Natasha (3 damage)
             ... on level 2 of the Dungeon.
             The game lasted 00:01:19 (1011 turns).

Duffy the Chopper (Ghoul Gladiator)                 Turns: 1011, Time: 00:01:19

HP:   -2/28 (30)    AC:  7    Str: 18    XL:     3   Next: 2%
MP:   2/2           EV: 10    Int:  3    God:
Gold: 64            SH:  0    Dex: 10    Spells: 0 memorised, 2 levels left

rFire  . . .     SeeInvis .     a - +0 war axe
rCold  + . .     Clarity  .     l - +0 scale mail
rNeg   + + +     SustAt   .     (no shield)
rPois  ∞         Gourm    .     c - +0 helmet
rElec  .         Spirit   .     (no cloak)
rCorr  .         Warding  .     (no gloves)
rMut   .         Stasis   .     (no boots)
MR     .....                    (no amulet)
Stlth  ..........               (no ring)
                                (no ring)

@: rotting, not resistant to hostile enchantments, extremely unstealthy
A: rotting body, claws 1, carnivore 3, cold resistance 1, negative energy
resistance 3, slow regeneration 1, torment resistance, unbreathing
a: no special abilities


You were on level 2 of the Dungeon.
You were not hungry.

You visited 1 branch of the dungeon, and saw 2 of its levels.

You collected 64 gold pieces.


Innate Abilities, Weirdness & Mutations

Your body is rotting away.
You thrive on raw meat.
You are immune to poison.
You have sharp fingernails.
You are carnivorous and can eat meat at any time.
Your flesh is cold resistant.
You are immune to negative energy.
You regenerate slowly when monsters are visible.
You are immune to unholy pain and torment.
You can survive without breathing.


   Skills:
 + Level 2.5 Fighting
 + Level 3.5 Axes
 - Level 1.8 Throwing
 - Level 2.6 Dodging


You had 2 spell levels left.
You didn't know any spells.

Inventory:

Hand Weapons
 a - a +0 war axe (weapon)
Missiles
 d - 3 throwing nets (quivered)
Armour
 b - a +0 leather armour
 c - a +0 helmet (worn)
 l - a +0 scale mail (worn)
Scrolls
 f - a scroll of amnesia {unknown}
 g - a scroll of identify {unknown}
 h - 2 scrolls of teleportation {unknown}
 j - a scroll of fear {unknown}
 k - 2 scrolls of remove curse {unknown}
 m - a scroll of fog {unknown}
Potions
 i - 2 potions of resistance {unknown}
Comestibles
 e - a meat ration

Dungeon Overview and Level Annotations

Branches:
Dungeon (2/15)

Altars:

Annotations:
D:2 Natasha


Message History

You closely miss the crimson imp.
The crimson imp is heavily wounded.
Natasha claws you but does no damage.
The crimson imp blinks!
You miss Natasha.
Natasha is heavily wounded.
Natasha howls an incantation.
Natasha's fingertips start to glow.
Natasha closely misses you. Natasha claws you! The white imp gestures at you.
The puff of frost hits you! You resist.
You hit Natasha but do no damage.
Natasha is heavily wounded.
You closely miss the white imp. You closely miss the crimson imp.
The crimson imp is moderately wounded.
The crimson imp laughs crazily.
The crimson imp hits you but does no damage.
Natasha closely misses you. The white imp closely misses you.
You closely miss Natasha.
Natasha is heavily wounded.
You slash the crimson imp!
The crimson imp is severely wounded.
You hit the white imp.
The white imp is moderately wounded.
Natasha claws you but does no damage. The crimson imp hits you.
The white imp hits you but does no damage.
Your scale mail prevents you from hitting Natasha.
Natasha is heavily wounded.
You hit the crimson imp.
The crimson imp is almost dead.
You hit the white imp.
The white imp is severely wounded.
The crimson imp hits you but does no damage.
Natasha hisses.
Natasha claws you.
You die...

#.#.#.# #.#.#.#
#.#.#.# #.#.#.#
#.....#######
#...........#
#.....#####.#
######.#.#.#####.####
...>..5@.#.##.......#
##.##.h5.#.##.##.##.#
.......#.##.##.##.##
#.##................#
#
###.##.##.##.##..###
#.##..............
#.# ###..%....#.##
#.# ####..###...
##.######


You could see Natasha, a crimson imp and a white imp.

Action                   || total
-------------------------++-------
Melee: War axe           ||    67
  Eat: Chunk             ||     8

Notes
Turn   | Place    | Note
--------------------------------------------------------------
     0 | D:1      | Duffy the Ghoul Gladiator began the quest for the Orb.
     0 | D:1      | Reached XP level 1. HP: 17/17 MP: 0/0
   174 | D:1      | Reached skill level 3 in Axes
   277 | D:1      | Reached XP level 2. HP: 17/23 MP: 1/1
   957 | D:2      | Reached XP level 3. HP: 28/28 MP: 2/2
  1000 | D:2      | Noticed Natasha
  1011 | D:2      | Slain by Natasha

Vault maps used:
D:1:      dpeg_arrival_renting
D:2:      lemuel_coloured_pillars_altar, uniq_natasha

Vanquished Creatures
  A worm
  A giant gecko
  5 bats
  2 giant cockroaches
  4 goblins
  2 hobgoblins
  A kobold
  4 rats
20 creatures vanquished.
